 Dungeon Crawl Stone Soup version 0.23.2-33-g5129a83184 (webtiles) character file.

Game seed: 12451616810757701312

305 ANON1729 the Skirmisher (level 6, -3/48 HPs)
             Began as a Demonspawn Monk on Aug 11, 2019.
             Slain by a gnoll
             ... wielding a +0 whip
              (8 damage)
             ... on level 3 of the Dungeon.
             The game lasted 00:10:24 (3425 turns).

ANON1729 the Skirmisher (Demonspawn Monk)           Turns: 3425, Time: 00:10:25

Health: -3/48      AC:  9    Str: 12    XL:     6   Next: 16%
Magic:  6/6        EV: 14    Int: 13    God:
Gold:   102        SH:  0    Dex: 15    Spells: 5/5 levels left

rFire    . . .     SeeInvis .   a - +1 spear
rCold    . . .     Gourm    .   (no shield)
rNeg     . . .     Faith    .   b - +0 robe
rPois    .         Spirit   .   (no helmet)
rElec    .         Reflect  .   (no cloak)
rCorr    .         Harm     .   (no gloves)
MR       +....                  g - +1 pair of boots
Stlth    ++........             (no amulet)
HPRegen  0.16/turn              (no ring)
MPRegen  0.10/turn              (no ring)

@: sanguine armour, berserk cooldown, slowed, very slow
A: hooves 1, deformed body, magic resistance 1, powered by death 2, sanguine
armour 1
a: no special abilities


You were on level 3 of the Dungeon.
You were not hungry.

You visited 1 branch of the dungeon, and saw 3 of its levels.
You also visited: Sewer.

You collected 102 gold pieces.

Inventory:

Hand Weapons
 a - a +1 spear (weapon)
Armour
 b - a +0 robe (worn)
 g - a +1 pair of boots (worn)
Scrolls
 k - a scroll of amnesia
Potions
 d - a potion of agility {unknown}
 e - 2 potions of ambrosia
 h - a potion of haste {unknown}
 m - a potion of invisibility
 n - a potion of mutation
Comestibles
 c - 9 rations


   Skills:
 + Level 4.2 Fighting
 + Level 3.9 Polearms
 + Level 3.9 Dodging
 + Level 3.4 Stealth


You had 5 spell levels left.
You didn't know any spells.
Your spell library was empty.

Dungeon Overview and Level Annotations

Branches:
Dungeon (3/15)

Altars:
Kikubaaqudgha

Annotations:
D:2 Sigmund
D:3 Purgy


Innate Abilities, Weirdness & Mutations

You regenerate health from kills.
When seriously injured, your bleeding wounds create armour. (AC +6)
You have large cloven feet.
Armour fits poorly on your strangely shaped body.
You are resistant to hostile enchantments. (MR+)


Message History

The gnoll hits you with a +0 whip.
* * * LOW HITPOINT WARNING * * *
You puncture the gnoll!
The gnoll is almost dead.
The gnoll hits you but does no damage. The gnoll closely misses you.
You puncture the gnoll!
You kill the gnoll!
You barely miss the gnoll. The gnoll misses you.
You puncture the gnoll!
The gnoll is heavily wounded.
The gnoll hits you with a +0 whip.
* * * LOW HITPOINT WARNING * * *
You barely miss the gnoll.
The gnoll is heavily wounded.
You hit the gnoll.
The gnoll is severely wounded.
You are no longer berserk.
You are exhausted.
You feel yourself slow down. The gnoll hits you with a +0 whip!
You die...

#. #.........#.#### .
#...#.#.#.(#...(
#.#.....[.).####
#g..#.#.#.#.#
##..g.(...(#.#
##gg..#.#.#.#.#
#.#####.#...........#
####..
#.....g###.####..####
.....#
#######@#..#####.#
##### ##)#....##.#
##### #.#.##.##.#
#.... #.#รท##.##.#
#.#.#
#.#.##.##.###....
#.......#..##.#.#
#.#........#.....
#.#..#.#.#....#.#
#................


You could see a gnoll.

Vanquished Creatures
  A crocodile (Sewer)
  A gnoll sergeant (D:3)
  An orc priest (D:3)
  3 gnolls (D:3)
  3 adders
  2 oozes
  3 dart slugs
  A worm (D:2)
  2 leopard geckos
  2 orcs (D:3)
  4 giant cockroaches
  5 goblins
  7 hobgoblins
  4 jackals
  2 quokkas
  4 bats
  5 frilled lizards
  8 kobolds
  7 rats
65 creatures vanquished.

Vanquished Creatures (others)
  A human (D:2)
1 creature vanquished.

Grand Total: 66 creatures vanquished

Notes
Turn   | Place    | Note
-------+----------+-------------------------------------------
     0 | D:1      | ANON1729 the Demonspawn Monk began the quest for the Orb.
     0 | D:1      | Reached XP level 1. HP: 18/18 MP: 1/1
   575 | D:1      | Gained mutation: You regenerate a little health from kills.
                  | [demonic ancestry]
   575 | D:1      | Reached XP level 2. HP: 15/24 MP: 2/2
  1649 | D:2      | Gained mutation: You regenerate health from kills. [demonic
                  | ancestry]
  1649 | D:2      | Reached XP level 3. HP: 29/29 MP: 3/3
  1927 | D:2      | Found an ancient bone altar of Kikubaaqudgha.
  1928 | D:2      | Noticed a human
  1932 | D:2      | Killed a human
  2178 | D:2      | Noticed Sigmund
  2306 | D:2      | Gained mutation: When seriously injured, your bleeding
                  | wounds create armour. (AC +6) [demonic ancestry]
  2306 | D:2      | Reached XP level 4. HP: 35/35 MP: 4/4
  2400 | D:3      | Noticed Purgy
  2558 | D:3      | Found a glowing drain.
  2572 | Sewer    | Entered a sewer
  2852 | Sewer    | Noticed a crocodile
  2867 | Sewer    | Gained mutation: Armour fits poorly on your strangely
                  | shaped body. [potion of mutation]
  2867 | Sewer    | Gained mutation: You have large cloven feet. [potion of
                  | mutation]
  2867 | Sewer    | Gained mutation: You are resistant to hostile enchantments.
                  | (MR+) [potion of mutation]
  2877 | Sewer    | Killed a crocodile
  2877 | Sewer    | Reached XP level 5. HP: 41/42 MP: 5/5
  3343 | D:3      | Reached skill level 4 in Fighting
  3414 | D:3      | Reached XP level 6. HP: 6/48 MP: 6/6
  3425 | D:3      | Slain by a gnoll

Skill      XL: |  1  2  3  4  5 |
---------------+----------------+-----
Stealth        | 2 3 |  3.4
Polearms       | 3 |  3.9
Dodging        | 3 |  3.9
Fighting       | 4 |  4.2

Action                   |  1- 3 |  4- 6 || total
-------------------------+-------+-------++-------
Melee: Spear             |   174 |   176 ||   350
  Use: Potion            |       |     7 ||     7
       Scroll            |       |     3 ||     3
 Stab: Sleeping          |     8 |     5 ||    13
       Distracted        |     1 |       ||     1
  Eat: Chunk             |     4 |     4 ||     8
Armor: Robe              |    14 |    72 ||    86
Dodge: Dodged            |    99 |   212 ||   311
